AoeStats
← monJ3__

Nomad

510830298Analyzed
2v2 RM · 1d ago on Oct 2, 2026· 58m 32s· 4 players
Game mode
Random Map
Map size
176×176
Population
200
Speed
Normal
Resources
Standard
Victory
Conquest
Starting age
Dark Age
Ending age
Imperial Age
RankedLock teamsTeams togetherTeam positionsShared explorationLock speedFull tech treeHidden civsTurbo modeCheats
Victory
Defeat
🇦🇷 Huns · Argentina
1292
+15
🇫🇷 Mongols · France
1234
+17
🇩🇪 Spanish · Germany
1268
-16
🇩🇪 Vietnamese · Germany
1266
-16
guillaumegbzh
5:56 Loom
13:17 Feudal Age
16:19 Double-Bit Axe
18:58 Castle Age
18:16 Fletching
19:51 Padded Archer Armor
20:00 Bodkin Arrow
19:58 Fishing Lines
22:58 Elite Skirmisher
28:28 Bow Saw
33:25 Town Watch
35:24 Ballistics
36:46 Leather Archer Armor
41:55 Imperial Age
40:01 Wheelbarrow
39:44 Gold Mining
39:44 Stone Mining
42:38 Gold Shaft Mining
42:17 Thumb Ring
42:54 Bracer
45:05 Masonry
50:39 Parthian Tactics
51:51 Gillnets
53:20 Conscription
53:07 Siege Engineers
57:04 Hoardings
57:29 Elite Mangudai
monJ3__
13:11 Feudal Age
11:26 Loom
17:35 Castle Age
16:27 Double-Bit Axe
21:21 Scale Barding Armor
21:26 Forging
22:28 Stone Mining
22:28 Gold Mining
25:28 Fletching
25:39 Padded Archer Armor
25:11 Elite Skirmisher
31:26 Bloodlines
31:17 Husbandry
33:47 Thumb Ring
34:44 Bow Saw
38:15 Bodkin Arrow
41:32 Leather Archer Armor
ippowl
5:04 Loom
14:16 Feudal Age
17:48 Castle Age
18:25 Horse Collar
19:46 Double-Bit Axe
22:19 Padded Archer Armor
28:22 Scale Barding Armor
29:16 Town Watch
29:49 Bow Saw
33:54 Husbandry
35:20 Wheelbarrow
35:12 Bloodlines
41:56 Imperial Age
41:05 Heavy Plow
43:22 Chain Barding Armor
43:15 Forging
42:41 Light Cavalry
51:35 Plate Barding Armor
53:02 Hussar
Bonshigh
7:55 Loom
14:20 Feudal Age
14:46 Town Watch
17:49 Fletching
21:23 Castle Age
23:23 Wheelbarrow
23:46 Gold Mining
25:17 Double-Bit Axe
26:56 Bow Saw
26:58 Padded Archer Armor
27:48 Bodkin Arrow
29:01 Leather Archer Armor
30:43 Ballistics
37:49 Imperial Age
39:37 Chemistry
38:40 Bracer
39:11 Ring Archer Armor
40:09 Hand Cart
42:36 Capped Ram
44:43 Two-Man Saw
46:02 Horse Collar
49:27 Scale Barding Armor
49:33 Forging
50:15 Bloodlines
49:28 Light Cavalry
52:48 Chain Barding Armor
53:04 Iron Casting
54:39 Elite Rattan Archer
Connection lost

Rejoining the realm…

Still unreachable

The connection could not be restored.

Session expired

The server has moved on; the page needs a fresh start.